 Dungeon Crawl Stone Soup version 0.22.0-60-ga52c2fcf6e (webtiles) character file.

2351 MaCx the Fighter (level 9, -6/86 HPs)
             Began as a Minotaur Berserker on Sept 10, 2018.
             Was an Elder of Trog.
             Mangled by Harold
             ... wielding a +1 glaive of freezing
              (14 damage)
             ... on level 7 of the Dungeon on Sept 11, 2018.
             The game lasted 00:15:22 (7505 turns).

MaCx the Fighter (Minotaur Berserker)               Turns: 7505, Time: 00:15:22

Health: -6/86      AC:  9    Str: 25    XL:     9   Next: 20%
Magic:  8/8        EV: 10    Int:  4    God:    Trog [****..]
Gold:   281        SH:  0    Dex: 10    Spells: 8/8 levels left

rFire    . . .     SeeInvis .   x - +0 mace
rCold    . . .     Gourm    .   (no shield)
rNeg     . . .     Faith    .   k - +0 scale mail
rPois    .         Spirit   .   (helmet restricted)
rElec    .         Reflect  .   w - +0 cloak
rCorr    .         Harm     .   a - +0 pair of gloves
MR       .....                  b - +0 pair of boots
Stlth    ..........             (no amulet)
HPRegen  0.24/turn              (no ring)
MPRegen  0.11/turn              (no ring)

@: marked, berserk cooldown, slowed, very slow
A: retaliatory headbutt, horns 2
a: Berserk, Trog's Hand, Brothers in Arms, Renounce Religion


You were on level 7 of the Dungeon.
You worshipped Trog.
Trog was greatly pleased with you.
You were very hungry.

You visited 1 branch of the dungeon, and saw 8 of its levels.

You collected 281 gold pieces.

Inventory:

Hand Weapons
 x - a +0 mace (weapon)
Armour
 a - a +0 pair of gloves (worn)
 b - a +0 pair of boots (worn)
 k - a +0 scale mail (worn)
 w - a +0 cloak (worn)
Jewellery
 l - a +3 ring of evasion {unknown}
 o - an uncursed ring of protection from cold {unknown}
 s - an uncursed ring of protection from fire {unknown}
Wands
 u - a wand of scattershot (7)
 y - a wand of acid (3)
Scrolls
 e - 6 scrolls of remove curse {unknown}
 f - 5 scrolls of identify {unknown}
 g - 3 scrolls of magic mapping {unknown}
 h - 3 scrolls of fear {unknown}
 i - 2 scrolls of fog {unknown}
 m - 2 scrolls of enchant weapon {unknown}
 t - a scroll of blinking {unknown}
 A - a scroll of enchant armour {unknown}
 D - a scroll of teleportation {unknown}
Potions
 d - 4 potions of flight {unknown}
 j - a potion of heal wounds {unknown}
 n - a potion of berserk rage {unknown}
 p - a potion of mutation {unknown}
 q - a potion of degeneration {unknown}
 r - a potion of magic {unknown}
 v - a potion of curing {unknown}
 z - a potion of lignification {unknown}
 C - a potion of agility {unknown}
Comestibles
 c - 10 rations
 B - 2 chunks of flesh


   Skills:
 + Level 10.9 Fighting
 + Level 10.9 Maces & Flails
 - Level 2.4 Armour
 - Level 2.1 Dodging


You had 8 spell levels left.
You didn't know any spells.
Your spell library was empty.

Dungeon Overview and Level Annotations

Branches:
Dungeon (8/15)             Temple (0/1) D:7
   Lair: D:8-11

Altars:
Elyvilon
Okawaru
Trog
Vehumet
Wu Jian

Annotations:
D:7 Harold


Innate Abilities, Weirdness & Mutations

You reflexively headbutt those who attack you in melee.
You have a pair of horns on your head.


Message History

Harold hits you with a glaive of freezing!
Harold freezes you.
The phantom blinks!
You hit Harold.
Harold is heavily wounded.
Harold hits you with a glaive of freezing!
Harold freezes you.
You sock Harold! You headbutt Harold, but do no damage.
Harold is severely wounded.
Harold hits you with a glaive of freezing!
* * * LOW HITPOINT WARNING * * *
Harold freezes you!
* * * LOW HITPOINT WARNING * * *
You sock Harold! You headbutt Harold, but do no damage.
Harold is severely wounded.
Harold gestures at you while chanting. A sentinel's mark forms upon you.
You hit Harold but do no damage.
Harold is severely wounded.
Harold hits you with a glaive of freezing!
You die...

#.# #.###..# .. .#
#..##.##.##.#
#?.#.........
###..........[.
####.)..#W.⌠...⌠..
##.....#.#.........
#..#####......>....
##.## ###.@.......
#..# #.)@...⌠..
#..# ...........
##.## ..##.........
####..# #..
##.##?##.# .##..##
#. #.# .. # .....#
# #.. .. .....# #
### ### ..)..## .##


You could see Harold and a phantom.

Vanquished Creatures
  Grinder (D:4)
  Duvessa (D:7)
  An orc warrior (D:6)
  2 sky beasts
  2 ogres
  An ice beast (D:6)
  A phantom (D:4)
  A centaur (D:5)
  A bullfrog (D:6)
  Dowan (D:7)
  A scorpion (D:8)
  2 howler monkeys
  3 crimson imps
  A quasit (D:6)
  3 hounds
  A bullfrog zombie (D:6)
  A gnoll shaman (D:7)
  5 orc priests
  Crazy Yiuf (D:4)
  6 orc wizards
  Ijyb (D:4)
  6 worker ants
  2 iguanas
  A hound zombie (D:8)
  A hound skeleton (D:4)
  3 adders
  5 gnolls (D:7)
  A shadow imp (D:5)
  An ooze (D:4)
  2 adder zombies
  3 adder skeletons
  A worm (D:2)
  A dart slug (D:1)
  7 leopard geckos
  21 orcs
  3 ball pythons
  7 giant cockroaches
  6 goblins
  4 hobgoblins
  17 jackals
  5 kobolds
  3 bats (D:1)
  7 frilled lizards
  A jackal skeleton (D:5)
  A leopard gecko zombie (D:6)
  A quokka zombie (D:5)
  4 rats
151 creatures vanquished.

Vanquished Creatures (others)
  An orc wizard (D:6)
1 creature vanquished.

Grand Total: 152 creatures vanquished

Notes
Turn   | Place    | Note
-------+----------+-------------------------------------------
     0 | D:1      | MaCx the Minotaur Berserker began the quest for the Orb.
     0 | D:1      | Reached XP level 1. HP: 19/19 MP: 0/0
    63 | D:1      | Reached XP level 2. HP: 25/27 MP: 1/1
   504 | D:1      | Reached XP level 3. HP: 32/34 MP: 2/2
  1118 | D:2      | Reached ** piety under Trog
  1950 | D:3      | Found an ornate altar of the Wu Jian Council.
  2674 | D:3      | Reached XP level 4. HP: 41/41 MP: 3/3
  2907 | D:4      | Found an iron altar of Okawaru.
  2925 | D:4      | Reached skill level 5 in Fighting
  2925 | D:4      | Reached skill level 5 in Maces & Flails
  3316 | D:4      | Noticed a phantom
  3328 | D:4      | Killed a phantom
  3328 | D:4      | Reached XP level 5. HP: 46/50 MP: 4/4
  3421 | D:4      | Noticed Ijyb
  3442 | D:4      | Killed Ijyb
  3442 | D:4      | Reached XP level 6. HP: 46/57 MP: 5/5
  3497 | D:4      | Found a white marble altar of Elyvilon.
  3641 | D:4      | Noticed Grinder
  3868 | D:4      | Killed Grinder
  3868 | D:4      | Reached XP level 7. HP: 28/67 MP: 6/6
  4144 | D:4      | Found a runed door.
  4149 | D:4      | Noticed Crazy Yiuf
  4152 | D:4      | Killed Crazy Yiuf
  4221 | D:5      | Entered Level 5 of the Dungeon
  4776 | D:5      | Found a bloodstained altar of Trog.
  4853 | D:5      | Reached XP level 8. HP: 68/75 MP: 7/7
  5329 | D:5      | Reached *** piety under Trog
  5412 | D:5      | Found a radiant altar of Vehumet.
  6361 | D:6      | Reached skill level 10 in Fighting
  6361 | D:6      | Reached skill level 10 in Maces & Flails
  6703 | D:6      | Reached **** piety under Trog
  6995 | D:6      | You fall through a shaft!
  7038 | D:8      | Reached XP level 9. HP: 20/86 MP: 8/8
  7471 | D:7      | Found a staircase to the Ecumenical Temple.
  7472 | D:7      | Noticed Dowan
  7473 | D:7      | Noticed Duvessa
  7486 | D:7      | Killed Duvessa
  7487 | D:7      | Noticed Harold
  7492 | D:7      | Killed Dowan
  7505 | D:7      | Mangled by Harold

Skill      XL: |  1  2  3  4  5  6  7  8 |
---------------+-------------------------+-----
Fighting       | 4 6 7 8 10 | 10.9
Maces & Flails | 4 6 7 8 10 | 10.9
Armour         | |  2.4
Dodging        | |  2.1

Action                   |  1- 3 |  4- 6 |  7- 9 || total
-------------------------+-------+-------+-------++-------
Melee: Mace              |   100 |    85 |   268 ||   453
       Headbutt          |    14 |    21 |    57 ||    92
Invok: Berserk           |       |     1 |     5 ||     6
 Stab: Sleeping          |     1 |       |       ||     1
  Eat: Chunk             |     5 |     4 |    13 ||    22
       Ration            |       |       |     1 ||     1
Armor: Animal skin       |    17 |       |       ||    17
       Scale mail        |    10 |    32 |   112 ||   154
Dodge: Dodged            |    79 |    52 |   136 ||   267
